 Dungeon Crawl Stone Soup version 0.24-a0-280-g7cec4da (webtiles) character file.

Game seed: 9296022003440345803

21208 wirefist the Grappler (level 12, -3/128 HPs)
             Began as a Troll Fighter on May 13, 2019.
             Slain by a slime creature (17 damage)
             ... on level 6 of the Lair of Beasts on May 14, 2019.
             The game lasted 00:41:38 (11603 turns).

wirefist the Grappler (Troll Fighter)              Turns: 11603, Time: 00:41:38

Health: -3/128     AC:  9    Str: 33    XL:     12   Next: 52%
Magic:  11/11      EV: 10    Int:  4    God:
Gold:   729        SH:  0    Dex:  9    Spells: 11/11 levels left

rFire    . . .     SeeInvis +     - Unarmed
rCold    + . .     Gourm    +   b - +0 shield
rNeg     + . .     Faith    .   J - +1 robe of the Black Moon {rN+ Str+2 SInv}
rPois    .         Spirit   .   (helmet restricted)
rElec    .         Reflect  .   K - +1 cloak
rCorr    .         Harm     .   (gloves unavailable)
MR       .....                  (boots unavailable)
Stlth    +.........             m - amulet of rage
HPRegen  0.71/turn              a - ring of protection from cold (curse)
MPRegen  0.12/turn              M - +6 ring of slaying

@: confused
A: large, unfitting armour, claws 3, fast metabolism 3, gourmand, regeneration
1, shaggy fur 1, tough skin 3
a: Evoke Berserk Rage


You were on level 6 of the Lair of Beasts.
You were not hungry.

You visited 4 branches of the dungeon, and saw 19 of its levels.

You collected 729 gold pieces.

Inventory:

Missiles
 H - 4 throwing nets (quivered)
Armour
 b - a +0 shield (worn)
 f - a scarf of resistance
 p - a +1 robe of cold resistance
 s - a +2 robe of resistance
 J - the +1 robe of the Black Moon (worn) {rN+ Str+2 SInv}
   (You took it off a gnoll on level 6 of the Dungeon)

   It affects your strength (+2).
   It protects you from negative energy.
   It lets you see invisible.
 K - a +1 cloak (worn)
Jewellery
 a - a cursed ring of protection from cold (left claw)
 m - an amulet of rage (around neck)
 t - a +5 ring of intelligence
 w - an uncursed ring of see invisible
 M - a +6 ring of slaying (right claw)
 O - an uncursed ring of positive energy {unknown}
Wands
 v - a wand of paralysis (8)
 y - a wand of random effects (25)
 A - a wand of acid (34)
 D - a wand of iceblast (6)
 F - a wand of digging (5)
 I - a wand of flame (37)
Scrolls
 g - 3 scrolls of magic mapping
 h - 8 scrolls of remove curse
 l - a scroll of fear
 o - 2 scrolls of identify
 u - 3 scrolls of enchant weapon
 x - 3 scrolls of teleportation
 B - 2 scrolls of fog
Potions
 c - 2 potions of might
 e - a potion of haste {unknown}
 i - 2 potions of magic {unknown}
 j - a potion of degeneration {unknown}
 k - a potion of ambrosia {unknown}
 n - 2 potions of curing
 q - a potion of cancellation {unknown}
 r - 2 potions of heal wounds {unknown}
 z - a potion of brilliance {unknown}
 C - 2 potions of lignification {unknown}
 E - 2 potions of flight {unknown}
 G - 2 potions of agility
 L - a potion of invisibility {unknown}
 N - 2 potions of mutation {unknown}
Comestibles
 d - 24 rations


   Skills:
 + Level 10.6 Fighting
 - Level 2.4 Dodging
 + Level 10.6 Shields
 + Level 12.1 Unarmed Combat


You had 11 spell levels left.
You didn't know any spells.
Your spell library contained the following spells:

 Spells                   Type           Power        Failure   Level  Hunger
 Corona                   Hex            #......      50%         1    ##.....
 Freeze                   Ice            #...         50%         1    ##.....
 Magic Dart               Conj           #...         50%         1    ##.....
 Ensorcelled Hibernation  Hex/Ice        #.....       65%         2    ###....
 Searing Ray              Conj           #.....       65%         2    ###....
 Throw Frost              Conj/Ice       #.....       65%         2    ###....
 Confuse                  Hex            #.......     86%         3    ####...
 Dazzling Spray           Conj/Hex       #.....       86%         3    ####...
 Ozocubu's Armour         Chrm/Ice       #.......     86%         3    ####...
 Tukima's Dance           Hex            #.......     86%         3    ####...
 Force Lance              Conj/Tloc      #.......     99%         4    #####..
 Fulminant Prism          Conj/Hex       #.........   99%         4    #####..
 Iskenderun's Mystic Bla  Conj           #.......     99%         4    #####..
 Summon Ice Beast         Ice/Summ       #.......     99%         4    #####..
 Throw Icicle             Conj/Ice       #.......     99%         4    #####..


Dungeon Overview and Level Annotations

Branches:
Dungeon (11/15)            Temple (1/1) D:4            Lair (6/6) D:11
  Slime (1/5) Lair:6          Orc (0/2) D:11
  Swamp: Lair:2-4    Shoals: Lair:2-4     Snake: Lair:2-4    Spider: Lair:2-4

Altars:
Ashenzari
Cheibriados
Dithmenos
Elyvilon
Fedhas
Gozag
Hepliaklqana
Kikubaaqudgha
Makhleb
Nemelex Xobeh
Okawaru
Qazlal
Ru
Sif Muna
Trog
Uskayaw
Vehumet
Wu Jian
Xom
Yredelemnul
Zin
The Shining One

Shops:
D:10 %

Annotations:
D:7 exclusion: statue
D:11 3 runed translucent doors, silenth's ghost, journeyman TeHu


Innate Abilities, Weirdness & Mutations

You are too large for most types of armour.
You have claws for hands.
Your metabolism is lightning-fast.
You like to eat raw meat.
Your natural rate of healing is unusually fast.
You are covered in fur. (AC +1)
You have extremely tough skin. (AC +3)


Message History

You are more confused.
The slime creature completely misses you. x2
The slime creature quivers.
The golden eye blinks at you.
You are more confused.
The slime creature hits you but does no damage.
The golden eye turns its gaze towards you.
The golden eye blinks at something.
You resist with almost no effort.
The golden eye blinks!
The golden eye blinks at you.
You are more confused.
Two slime creatures merge to form a large slime creature.
The golden eye blinks at you.
You're too confused to move!
The golden eye turns its gaze towards you.
The slime creature hits you!
* * * LOW HITPOINT WARNING * * *
The golden eye blinks!
The slime creature closely misses you. The slime creature hits you!
You die...

≈.###....#................##....^
≈.##.#.P##................#*#....
≈.##....#P........(........##....
..####.###.........G......##.....
..##P#..##P....P.#.P.P...........
.........#.P.JPPP................
...............P.G........P......
.........#.P.#J.P....P.....#.....
..........##.#.J@...........#....
..P.......#####.......###..##†...
..P.#.....# #<..##### ####.....
P.P#......# ##....##.# ###......
.P.#P.....####.....#.#* #........
..#.P.....#..P......## #........
.,...............(..P####........
,,**,,,..........................
***,,,,..##.....................(


You could see a large slime creature, 2 slime creatures and 2 golden eyes.

Vanquished Creatures
  Harold (D:10)
  A hydra (Lair:6)
  A two-headed ogre (D:11)
  A fire crab (Lair:6)
  A lindwurm (Lair:6)
  2 ugly things (D:11)
  A cyclops (D:11)
  Maurice (D:9)
  8 spiny frogs
  Psyche (D:10)
  4 komodo dragons
  The ghost of zazu2006 the Skirmisher, an amateur GnWn (D:4)
  A hornet (D:11)
  11 slime creatures
  2 hippogriffs
  Sigmund (D:2)
  2 wyverns
  A wraith (D:11)
  4 yaks (D:11)
  A basilisk (D:11)
  4 wargs
  3 water moccasins
  4 porcupines
  3 black bears
  5 orc warriors
  4 ice beasts
  3 phantoms
  A necrophage (D:10)
  4 sky beasts
  4 wolves (Lair:6)
  3 ogres
  4 centaurs
  6 crocodiles
  2 big kobolds (D:11)
  6 bullfrogs
  4 scorpions
  A wyvern skeleton (D:6)
  14 killer bees
  5 wights (D:11)
  4 howler monkeys
  4 electric eels (D:10)
  4 crimson imps
  A quasit (D:7)
  A bullfrog zombie (D:11)
  5 centaur zombies
  7 jellies
  A bullfrog skeleton (D:10)
  A centaur skeleton (D:10)
  7 hounds
  13 orc wizards
  8 orc priests
  Jessica (D:2)
  3 iguanas
  9 worker ants
  A howler monkey zombie (D:11)
  2 worker ant zombies (D:9)
  4 gnolls
  11 adders
  5 shadow imps
  5 oozes (D:11)
  An adder zombie (D:7)
  3 worms
  2 dart slugs (D:3)
  A leopard gecko (D:1)
  47 orcs
  5 giant cockroaches
  4 goblins
  4 hobgoblins
  15 jackals
  4 quokkas
  4 bats
  5 frilled lizards
  13 kobolds
  A leopard gecko zombie (D:6)
  A quokka skeleton (D:4)
  6 rats
339 creatures vanquished.

Vanquished Creatures (others)
  A fungus (Lair:6)
1 creature vanquished.

Grand Total: 340 creatures vanquished

Notes
Turn   | Place    | Note
-------+----------+-------------------------------------------
     0 | D:1      | wirefist the Troll Fighter began the quest for the Orb.
     0 | D:1      | Reached XP level 1. HP: 22/22 MP: 0/0
   171 | D:1      | Reached XP level 2. HP: 29/29 MP: 1/1
   594 | D:2      | Found an opulent altar of Gozag.
   700 | D:2      | Found an iron altar of Okawaru.
   734 | D:2      | Reached XP level 3. HP: 36/36 MP: 2/2
   822 | D:2      | Noticed Sigmund
   828 | D:2      | Killed Sigmund
   828 | D:2      | Reached skill level 3 in Unarmed Combat
   828 | D:2      | Reached XP level 4. HP: 45/45 MP: 3/3
   828 | D:2      | Reached XP level 5. HP: 53/53 MP: 4/4
   909 | D:2      | Found a basalt altar of Yredelemnul.
  1070 | D:2      | Found a deep blue altar of Sif Muna.
  1129 | D:2      | Noticed Jessica
  1139 | D:2      | Killed Jessica
  1383 | D:3      | Reached XP level 6. HP: 62/62 MP: 5/5
  1561 | D:3      | Reached skill level 4 in Unarmed Combat
  2177 | D:4      | Found a runed translucent gate.
  2177 | D:4      | Found a runed translucent gate.
  2177 | D:4      | Found a runed translucent gate.
  2183 | D:4      | Noticed zazu2006's ghost (amateur GnWn)
  2196 | D:4      | Killed zazu2006's ghost
  2196 | D:4      | Reached XP level 7. HP: 71/71 MP: 6/6
  2214 | D:4      | Reached skill level 5 in Unarmed Combat
  2380 | D:4      | Found a staircase to the Ecumenical Temple.
  2386 | Temple   | Entered the Ecumenical Temple
  2716 | D:4      | Found a sacrificial altar of Ru.
  2716 | D:4      | Found a hazy altar of Hepliaklqana.
  2901 | D:5      | Entered Level 5 of the Dungeon
  2907 | D:5      | Reached skill level 5 in Fighting
  2913 | D:5      | Identified the +3 leather armour "Uzam" {*Corrode rN++
                  | Str+2 Stlth+}
  2920 | D:5      | Reached skill level 5 in Shields
  2931 | D:5      | Reached XP level 8. HP: 76/80 MP: 7/7
  3692 | D:5      | Reached skill level 6 in Unarmed Combat
  4281 | D:6      | Reached skill level 7 in Unarmed Combat
  4591 | D:6      | Reached XP level 9. HP: 86/89 MP: 8/8
  4671 | D:6      | Identified the +1 robe of the Black Moon {rN+ Str+2 SInv}
  4915 | D:7      | Found a radiant altar of Vehumet.
  5559 | D:8      | Reached skill level 8 in Unarmed Combat
  6242 | D:8      | Reached XP level 10. HP: 93/102 MP: 9/9
  6947 | D:8      | Reached skill level 9 in Unarmed Combat
  7163 | D:9      | Noticed Maurice
  7170 | D:9      | Killed Maurice
  7304 | D:10     | Entered Level 10 of the Dungeon
  7305 | D:10     | Noticed Harold
  7312 | D:10     | Killed Harold
  7441 | D:10     | Found Nemerry's Food Boutique.
  7668 | D:10     | Noticed Psyche
  7694 | D:10     | Killed Psyche
  7963 | D:11     | Found a runed translucent gate.
  7963 | D:11     | Noticed silenth's ghost (journeyman TeHu)
  8008 | D:11     | Found a staircase to the Orcish Mines.
  8172 | D:11     | Reached skill level 10 in Unarmed Combat
  8236 | D:11     | Reached XP level 11. HP: 111/113 MP: 10/10
  8252 | D:11     | Noticed a brown ugly thing
  8257 | D:11     | Killed a brown ugly thing
  8375 | D:11     | Noticed a purple ugly thing
  8390 | D:11     | Killed a purple ugly thing
  8589 | D:11     | Found a staircase to the Lair.
  8686 | D:11     | Noticed a two-headed ogre
  8724 | D:11     | Found a runed translucent gate.
  8725 | D:11     | Found a runed translucent gate.
  8725 | D:11     | Identified the cursed +0 dagger "Newtslayer" {pain, +Rage}
  8748 | D:11     | Killed a two-headed ogre
  9106 | D:11     | Reached skill level 11 in Unarmed Combat
  9634 | Lair:1   | Entered Level 1 of the Lair of Beasts
 10134 | Lair:6   | Entered Level 6 of the Lair of Beasts
 10163 | Lair:6   | Reached skill level 10 in Fighting
 10163 | Lair:6   | Reached skill level 10 in Shields
 10163 | Lair:6   | Reached XP level 12. HP: 121/126 MP: 11/11
 10793 | Lair:6   | Noticed a five-headed hydra
 10806 | Lair:6   | Killed an eight-headed hydra
 11045 | Lair:6   | Found a staircase to the Slime Pits.
 11048 | Lair:6   | Reached skill level 12 in Unarmed Combat
 11068 | Slime:1  | Entered Level 1 of the Pits of Slime
 11603 | Lair:6   | Slain by a slime creature

Levels and vault maps discovered:
D:1:      lightli_arrival_statue_moat, layout_basic
D:2:      layout_loops_cross, lemuel_coloured_pillars_altar, old_standard_altar,
          okawaru_ov_weapons_minmay, chequers_serial_rivers_room_a,
          nicolae_gozag_cash_rules_everything_around_me, uniq_sigmund,
          uniq_jessica
D:3:      layout_loops_ring
D:4:      layout_gridville, gammafunk_temple_overflow_wave,
          minmay_temple_entry_hall, gammafunk_ghost_split, first_ration
D:5:      layout_loops_ring, serial_rivers, chequers_serial_rivers_large_a,
          chequers_serial_rivers_room_a, chequers_serial_rivers_room_a,
          chequers_serial_rivers_micro_c, chequers_serial_rivers_small_b
D:6:      layout_rooms, minmay_fractal_squares_gapless_5
D:7:      layout_loops_ring, vehumet_statue
D:8:      layout_basic
D:9:      layout_cave_pools, uniq_maurice
D:10:     layout_basic, serial_shops, nicolae_shop_crystal, uniq_harold,
          uniq_psyche
D:11:     layout_stronghold, minmay_lair_entry_grove,
          minmay_orc_entry_guard_dogs, gammafunk_ghost_nasty_kobolds,
          hangedman_little_slice_of_home, corexii_corridor_pit, minivault_27
Temple:   eino_temple_scatter_basement
Lair:1:   layout_roguey, chequers_serial_rivers_micro_e, minmay_lair_oklob_items
Lair:2:   minmay_guarded_unrand_snakebite, layout_layer_cave,
          palyth_hydra_swamp_entry, lemuel_fruit_fields, serial_bayou_shore_a,
          minmay_lair_oklob_chamber, infiniplex_staircase_pool
Lair:3:   layout_cave_shapes, dummy_snake_entry
Lair:4:   layout_long_grid
Lair:5:   layout_long_grid, hibernation_bobbens
Lair:6:   grunt_lair_end_beastmaster, layout_gridlike,
          minmay_slime_entry_pillars, infiniplex_staircase_pool_2
Slime:1:  layout_caves

Skill      XL: |  1  2  3  4  5  6  7  8  9 10 11 12 |
---------------+-------------------------------------+-----
Fighting       | 3 4 5 6 7 8 10 | 10.6
Shields        | 3 4 5 6 7 8 10 | 10.6
Unarmed Combat | 3 4 5 7 8 10 11 12 | 12.1
Dodging        | |  2.4

Action                   |  1- 3 |  4- 6 |  7- 9 | 10-12 || total
-------------------------+-------+-------+-------+-------++-------
Melee: Unarmed           |    58 |   124 |   363 |   523 ||  1068
 Abil: Evoke Berserk Rag |     1 |     2 |     4 |     5 ||    12
Evoke: Wand              |       |       |       |     6 ||     6
  Use: Scroll            |     2 |       |    12 |     5 ||    19
       Potion            |       |       |     1 |     2 ||     3
 Stab: Sleeping          |       |       |     2 |       ||     2
       Distracted        |       |       |     1 |       ||     1
  Eat: Chunk             |     4 |    23 |    44 |    44 ||   115
       Ration            |       |       |       |     1 ||     1
Armor: Robe              |    18 |    44 |    82 |    91 ||   235
Dodge: Dodged            |    16 |    39 |   124 |   149 ||   328
Block: Shield            |    32 |    52 |   190 |   233 ||   507

Table legend:
 A = Non-vault XP
 B = Vault XP
 C = Vault XP percentage of total XP
 D = Non-vault monster count
 E = Vault monster count
 F = Vault count percentage of total count
                 A         B        C        D         E       F
            +---------+---------+-------+---------+---------+-------
      Total |   23883 |    6415 |  21.2 |     295 |      44 |  13.0
            +---------+---------+-------+---------+---------+-------
        D:1 |      19 |       0 |   0.0 |      12 |       0 |   0.0
        D:2 |      79 |     260 |  76.7 |      15 |       2 |  11.8
        D:3 |     120 |       0 |   0.0 |      22 |       0 |   0.0
        D:4 |     438 |     359 |  45.0 |      22 |       4 |  15.4
        D:5 |     504 |       0 |   0.0 |      22 |       0 |   0.0
        D:6 |    1045 |     115 |   9.9 |      22 |       2 |   8.3
        D:7 |    1020 |       0 |   0.0 |      22 |       0 |   0.0
        D:8 |    2099 |       0 |   0.0 |      39 |       0 |   0.0
        D:9 |     845 |     469 |  35.7 |      25 |       1 |   3.8
       D:10 |     444 |    1887 |  81.0 |      14 |       5 |  26.3
       D:11 |    6532 |    2258 |  25.7 |      46 |      22 |  32.4
     Lair:1 |     367 |       0 |   0.0 |       1 |       0 |   0.0
     Lair:3 |    1086 |       0 |   0.0 |       4 |       0 |   0.0
     Lair:4 |    1054 |       0 |   0.0 |       5 |       0 |   0.0
     Lair:5 |     966 |       0 |   0.0 |       3 |       0 |   0.0
     Lair:6 |    6500 |    1067 |  14.1 |      18 |       8 |  30.8
    Slime:1 |     765 |       0 |   0.0 |       3 |       0 |   0.0
            +---------+---------+-------+---------+---------+-------
